 Dungeon Crawl Stone Soup version 0.30-b1-2-g02819fbbbe (webtiles) character file.

Game seed: 9908910018140130620

273 MajorAdolf the Stinger (level 6, 0/49 HPs)
             Began as a Naga Wanderer on Sept 20, 2023.
             Was an Initiate of Gozag.
             Slain by a gnoll
             ... wielding a +0 club
              (4 damage)
             ... on level 3 of the Dungeon.
             The game lasted 00:04:22 (2521 turns).

MajorAdolf the Stinger (Naga Wanderer)              Turns: 2521, Time: 00:04:23

Health: 0/49       AC:  6    Str: 14    XL:     6   Next: 23%
Magic:  11/13      EV:  9    Int: 15    God:    Gozag
Gold:   66         SH:  0    Dex: 10    Spells: 10/15 levels left

rFire   . . .        a - +0 dagger
rCold   . . .        (no shield)
rNeg    . . .        d - +2 leather armour
rPois   +            k - +0 helmet
rElec   .            (no cloak)
rCorr   .            (no gloves)
SInv    +            (no barding)
Will    .....        (no amulet)
Stlth   +            (no ring)
HPRegen 0.28/turn    (no ring)
MPRegen 0.13/turn

%: no passive effects
@: very slow
A: AC +2, large, see invisible, deformed body, poison resistance, slowness 2,
spit poison 1, naga tail 1
a: Spit Poison, Renounce Religion, Potion Petition, Call Merchant, Bribe Branch


You were on level 3 of the Dungeon.
You worshipped Gozag.
Gozag was noncommittal.
You visited 1 branch of the dungeon, and saw 3 of its levels.

You collected 87 gold pieces.
You paid 21 gold pieces to Gozag.

Inventory:

Hand Weapons
 a - a +0 dagger (weapon)
Armour
 d - a +2 leather armour (worn)
 k - a +0 helmet (worn)
 r - a +0 robe
Magical Staves
 o - a staff of air
Wands
 m - a wand of charming (12)
Scrolls
 c - a scroll of vulnerability
 i - a scroll of noise {unknown}
 j - a scroll of poison {unknown}
 l - a scroll of amnesia {unknown}
 n - a scroll of enchant armour {unknown}
 p - a scroll of teleportation {unknown}
 q - a scroll of identify {unknown}
Potions
 e - a potion of flight {unknown}
 f - a potion of attraction {unknown}
 g - a potion of heal wounds {unknown}
 h - a potion of haste {unknown}
Miscellaneous
 b - a piece from Xom's chessboard (15/15)


   Skills:
 - Level 1.5 Dodging
 - Level 5.0 Spellcasting
 + Level 2.8 Conjurations
 + Level 2.8 Hexes
 - Level 5.2 Poison Magic
 - Level 3.0 Evocations


You had 10 spell levels left.
You knew the following spells:

 Your Spells              Type           Power      Damage    Failure   Level
a - Sting                 Tmut/Pois      44%        1d5       7%          1
b - Fulminant Prism       Conj/Hex       6%         3d7       54%         4

Your spell library contained the following spells:

 Spells                   Type           Power      Damage    Failure   Level
 Slow                     Hex            48%        N/A       7%          1
 Shock                    Conj/Air       28%        1d4       12%         1
 Confusing Touch          Hex            12%        N/A       21%         3
 Spider Form              Tmut/Pois      11%        N/A       22%         3
 Swiftness                Air            3%         N/A       52%         3
 Vampiric Draining        Necr           3%         2d6       52%         3
 Volatile Blastmotes      Fire/Tloc      6%         2d10      52%         3
 Iskenderun's Mystic Bla  Conj/Tloc      7%         2d4       75%         4
 Airstrike                Air            1%         2d(1-17)  90%         4
 Lee's Rapid Deconstruct  Erth           1%         3d4*      99%         5


Dungeon Overview and Level Annotations

Branches:
Dungeon (3/15)

Altars:
Gozag

Shops:
D:2 ?


Innate Abilities, Weirdness & Mutations

Your serpentine skin is tough. (AC +2)
You have supernaturally acute eyesight. (SInv)
Armour fits poorly on your strangely shaped body.
Your system is resistant to poisons. (rPois)
You cover ground very slowly.
You can spit poison.
You have a snake-like lower body.


Message History

You have got your breath back.
The gnoll looks more healthy.
The gnoll hits you but does no damage.
Okay, then.
Okay, then.
Unknown command.
Aiming: Spit Poison (1% risk of failure)
Press: ? - help, Shift-Dir - straight line, f/p - gnoll
Aim: a gnoll, wielding a +0 halberd (almost dead, 65% to hit)
The splash of poison hits the gnoll.
The gnoll is poisoned.
The gnoll is heavily wounded.
The gnoll hits you with a +0 club.
* * * LOW HITPOINT WARNING * * *
The gnoll attacks as you move away! The gnoll barely misses you.
The gnoll hits you but does no damage.
Casting: Sting (safe; 7% risk of failure)
Confirm with . or Enter, or press ? or * to list all spells.
Aiming: Sting (safe; 7% risk of failure)
Press: ? - help, Shift-Dir - straight line, f - gnoll, p - gnoll
Aim: a gnoll, wielding a +0 club (heavily wounded, poisoned, 75% to hit)
The sting hits the gnoll but does no damage.
The gnoll looks even sicker.
The gnoll is heavily wounded.
You have got your breath back.
The gnoll hits you with a +0 club.
* * * LOW HITPOINT WARNING * * *
Unknown command.
Unknown command.
Unknown command.
Okay, then.
Okay, then.
Unknown command.
The gnoll attacks as you move away! The gnoll hits you with a +0 club.
You die...
Your body crumbles into a pile of gold.

..........#
.$........#
.......?..#
.........>#
#######'#.#######
.......g.......
......#.#######
#######.#########
#....g.oKg@.#
#.#.#######.#
...#.# .# K.# #.#
.# .... #.# .#
... #.# .# .# .$.
.. .. .#


You could see 2 gnolls, an orc and a kobold.

Vanquished Creatures
  Sigmund (D:2)
  Terence (D:2)
  Robin (D:1)
  2 adders (D:2)
  A gnoll (D:3)
  6 bats
  4 endoplasms
  4 giant cockroaches
  12 goblins
  7 hobgoblins
  2 frilled lizards
  5 kobolds
  3 rats
49 creatures vanquished.

Notes
Turn   | Place    | Note
-------+----------+-------------------------------------------
     0 | D:1      | MajorAdolf the Naga Wanderer began the quest for the Orb.
     0 | D:1      | MajorAdolf set off with the following items: a +0 club, a
                  | piece from Xom's chessboard (15/15), a scroll of
                  | vulnerability, a +2 leather armour; and the following spell
                  | memorised: Sting; and the following spells available to
                  | memorise: Spider Form.
     0 | D:1      | Reached XP level 1. HP: 15/15 MP: 6/6
    35 | D:1      | Reached skill level 1 in Poison Magic
   139 | D:1      | Reached XP level 2. HP: 22/22 MP: 4/8
   744 | D:1      | Reached XP level 3. HP: 28/28 MP: 1/9
  1051 | D:2      | Noticed Terence
  1060 | D:2      | Killed Terence
  1061 | D:2      | Noticed Robin
  1239 | D:1      | Killed Robin
  1240 | D:1      | Reached XP level 4. HP: 23/36 MP: 3/11
  1374 | D:2      | Found Paynudopp's Magic Scroll Boutique.
  1380 | D:2      | Reached skill level 5 in Poison Magic
  1665 | D:2      | Learned a level 4 spell: Fulminant Prism
  1983 | D:2      | Noticed Sigmund
  1997 | D:2      | Killed Sigmund
  1998 | D:2      | Reached XP level 5. HP: 28/42 MP: 6/12
  1998 | D:2      | Reached XP level 6. HP: 32/49 MP: 6/13
  2148 | D:2      | Found an opulent altar of Gozag.
  2445 | D:2      | Became a worshipper of Gozag Ym Sagoz the Greedy
  2521 | D:3      | Slain by a gnoll

Illustrated notes

Levels and vault maps discovered:
D:1:      sevenhm_arrival_forest_fort_large_4, layout_basic
D:2:      layout_loops_ring, basic_altar, serial_shops, shop_statue,
          uniq_terence, uniq_robin, uniq_sigmund
D:3:      layout_basic, nicolae_vehumet_radiance, serial_shops,
          nicolae_shop_tiny_statue_garden, shapermc_ecumenical_altar_ellora,
          ebering_ghost_gozag, minmay_joined_circles

Skill      XL: |  1  2  3  4 |
---------------+-------------+-----
Poison Magic   | 2 3 4 5 |  5.2
Conjurations   | 2 |  2.8
Hexes          | 2 |  2.8
Dodging        | |  1.5
Spellcasting   | |  5.0
Evocations     | |  3.0

Action                     |  1- 3 |  4- 6 || total
---------------------------+-------+-------++-------
  Melee: Club              |     4 |       ||     4
         Dagger            |       |     5 ||     5
   Cast: Sting             |    62 |    42 ||   104
Ability: Spit Poison       |     3 |    11 ||    14
 Armour: Leather armour    |    19 |    13 ||    32
  Dodge: Dodged            |    40 |    16 ||    56
